Map: Hardwire LE

Players

TriniCron

  • Race: Protoss Protoss
  • League: Diamond
  • Spawn Location: 7:00

Warthog - Winner!

  • Race: Terran Terran
  • League: Diamond
  • Spawn Location: 1:00

VOD

Have the link to the VOD?

Description

Time

  • Played on: Nov. 16, 2021, 6:49 p.m.
  • Length: 12:05
Show
View Real Time Build Order
Export as new Build Order

TriniCron Protoss 

Build Orders: 1 Gate Expand 

Get SALT Encoding   

  12  0:01  Probe  
  13  0:13  Probe  
  14  0:23  Pylon  
  14  0:26  Probe  
  15  0:41  Probe  
  16  0:46  Gateway  
  16  0:53  Probe  
  17  1:11  Nexus  
  17  1:17  Assimilator  
  17  1:20  Probe  
  18  1:32  Probe  
  19  1:33  Cybernetics Core  
  19  1:38  Assimilator  
  19  1:44  Probe  
  20  1:53  Pylon  
  20  1:56  Probe  
  21  2:06  Warp Gate (Chrono Boost)  
  21  2:07  Adept (Chrono Boost)  
  21  2:13  Probe  
  24  2:24  Probe  
  24  2:25  Probe  
  24  2:27  Adept (Chrono Boost)  
  26  2:36  Probe  
  29  2:37  Probe  
  30  2:48  Probe  
  30  2:49  Probe  
  32  3:01  Nexus  
  32  3:18  Probe x2  
  34  3:25  Gateway  
  34  3:27  Robotics Facility  
  34  3:41  Stalker  
  34  3:42  Probe x2  
  38  3:54  Shield Battery, Probe x2  
  40  4:06  Probe x2  
  40  4:08  Pylon  
  42  4:13  Probe  
  42  4:15  Observer  
  44  4:17  Stalker  
  44  4:18  Probe  
  44  4:19  Probe  
  44  4:21  Stalker  
  50  4:25  Probe  
  37  4:47  Stalker x2  
  28  5:06  Probe x2  
  28  5:07  Probe  
  31  5:17  Immortal (Chrono Boost)  
  31  5:18  Probe  
  31  5:19  Probe x2  
  38  5:30  Pylon  
  38  5:31  Probe x3  
  41  5:38  Twilight Council, Observer  
  41  5:43  Probe x3  
  41  5:49  Immortal (Chrono Boost)  
  44  5:53  Observer  
  44  5:55  Probe x3  
  51  6:07  Probe  
  52  6:17  Probe x2  
  52  6:18  Charge (Chrono Boost)  
  54  6:19  Zealot, Probe  
  54  6:22  Zealot  
  59  6:28  Gateway  
  59  6:30  Probe (Chrono Boost)  
  59  6:31  Probe x2 (Chrono Boost)  
  62  6:32  Gateway  
  62  6:36  Forge  
  63  6:41  Probe (Chrono Boost)  
  63  6:42  Probe x2 (Chrono Boost)  
  63  6:45  Observer, Assimilator  
  66  6:47  Probe x2 (Chrono Boost)  
  66  6:48  Probe (Chrono Boost), Assimilator  
  66  6:50  Pylon  
  66  6:53  Pylon  
  69  6:58  Probe x3  
  72  7:02  Zealot  
  72  7:04  Zealot  
  76  7:12  Pylon  
  76  7:15  Gateway  
  76  7:19  Observer (Chrono Boost), Gateway  
  77  7:27  Probe x3  
  80  7:30  Protoss Ground Weapons Level 1 (Chrono Boost)  
  80  7:34  Gateway  
  80  7:44  Probe x3  
  82  7:48  Assimilator  
  83  7:52  Assimilator  
  83  7:53  Templar Archives  
  83  7:57  Zealot x4  
  91  8:02  Gateway  
  91  8:18  Shield Battery  
  91  8:22  Shield Battery  
  91  8:24  Probe, Pylon  
  91  8:25  Probe x2  
  94  8:29  Zealot x3  
  94  8:32  Observer  
  95  8:47  Stalker x2  
  95  8:48  Stalker x2  
  58  9:07  High Templar  
  58  9:08  High Templar x2  
  64  9:10  High Templar  
  64  9:12  Zealot x3  
  64  9:14  Immortal  
  68  9:19  Psionic Storm  
  68  9:22  Archon x2  
  51  9:38  Zealot x3  
  55  9:48  Pylon  
  55  9:50  Pylon  
  53  9:53  Zealot x4  
  61  10:02  High Templar  
  61  10:03  High Templar x2  
  61  10:05  Immortal (Chrono Boost)  
  71  10:14  Probe  
  71  10:15  Probe  
  59  10:25  Nexus  
  59  10:27  Probe x2  
  57  10:28  Zealot x2  
  57  10:29  Zealot x2  
  57  10:33  Shield Battery  
  59  10:46  Archon  
  56  10:50  High Templar  
  56  10:51  High Templar x2  
  56  10:52  Zealot x3  
  67  11:02  Pylon  
  67  11:15  Zealot x3  
  73  11:26  Zealot x3  
  79  11:33  Gateway  
Show
View Real Time Build Order
Export as new Build Order

Warthog Terran - Winner!

Build Orders:  

Get SALT Encoding   

  12  0:00  SCV  
  13  0:12  SCV  
  14  0:17  Supply Depot  
  14  0:24  SCV  
  15  0:39  SCV, Barracks  
  16  0:43  Refinery  
  16  0:51  SCV  
  17  1:03  SCV  
  18  1:15  SCV  
  19  1:28  Marine, Orbital Command  
  20  1:42  Command Center  
  20  1:54  Factory  
  20  1:58  SCV  
  21  2:02  Barracks Reactor  
  21  2:10  SCV  
  21  2:11  Refinery  
  22  2:19  Supply Depot  
  22  2:22  SCV  
  23  2:26  Bunker  
  23  2:39  Factory Tech Lab  
  23  2:41  SCV, Starport  
  24  2:46  Hellion  
  24  2:49  Marine  
  27  2:51  Marine  
  27  2:54  SCV  
  29  3:02  Orbital Command  
  29  3:07  Marine  
  29  3:12  Hellion  
  32  3:16  Marine  
  32  3:17  SCV  
  34  3:21  Medivac  
  36  3:30  SCV, Marine  
  38  3:34  Marine  
  38  3:36  SCV  
  38  3:40  Hellion  
  42  3:43  SCV  
  42  3:47  Supply Depot  
  43  3:51  SCV  
  44  3:56  SCV  
  44  4:00  Starport Tech Lab, Marine  
  44  4:01  Factory Tech Lab  
  46  4:06  Barracks  
  46  4:08  Barracks  
  46  4:09  SCV x2  
  48  4:21  Supply Depot, SCV x2  
  50  4:24  Supply Depot  
  50  4:28  Siege Tank  
  53  4:33  SCV  
  54  4:40  SCV  
  54  4:45  SCV, Marine x2  
  53  4:52  Raven  
  54  4:53  SCV, Command Center  
  54  4:57  Barracks Tech Lab x2  
  49  5:01  SCV  
  49  5:05  SCV  
  48  5:08  Marine x2  
  48  5:10  Siege Tank  
  48  5:12  Refinery  
  48  5:13  SCV  
  54  5:14  Refinery  
  54  5:17  SCV  
  54  5:19  Engineering Bay  
  55  5:21  Engineering Bay  
  55  5:26  Marine  
  56  5:31  Stimpack, Combat Shield, Marine x2  
  56  5:33  SCV x2  
  60  5:44  Supply Depot, Marine x2  
  60  5:45  SCV  
  60  5:49  Marine  
  64  5:51  Terran Infantry Armor Level 1, Terran Infantry Weapons Level 1  
  64  5:53  Marine  
  64  5:54  SCV  
  64  5:56  Starport Reactor  
  66  6:02  Marine x2  
  68  6:07  Marine  
  68  6:10  Orbital Command  
  68  6:11  Marine  
  68  6:12  SCV, Siege Tank  
  68  6:16  Barracks  
  73  6:20  Marine  
  73  6:22  Barracks  
  73  6:23  SCV  
  75  6:25  Marine  
  75  6:26  Marauder  
  75  6:29  Marine  
  79  6:38  Marine  
  79  6:39  Supply Depot  
  80  6:40  Supply Depot  
  80  6:43  Marine  
  80  6:45  Medivac  
  80  6:47  Marauder, Marine  
  83  6:49  Concussive Shells  
  86  6:54  SCV x2  
  86  6:57  Orbital Command  
  89  7:01  Supply Depot  
  89  7:02  Supply Depot  
  89  7:03  Supply Depot  
  88  7:09  Marauder, Marine, Siege Tank  
  88  7:11  Barracks Reactor  
  88  7:12  Marine  
  95  7:22  Marauder, Marine  
  98  7:23  SCV x2  
  98  7:27  Marine  
  101  7:30  SCV  
  101  7:31  Marauder  
  101  7:34  Marine  
  101  7:35  SCV x2  
  107  7:38  Armory  
  107  7:40  Marauder  
  107  7:42  SCV  
  110  7:47  SCV, Marauder, Marine  
  110  7:48  Medivac  
  116  7:52  Marauder  
  118  7:58  Siege Tank  
  118  7:59  Medivac  
  118  8:00  SCV x2, Marine  
  118  8:01  Marauder  
  128  8:05  Supply Depot  
  128  8:09  Supply Depot  
  128  8:11  Marauder, Marine x2  
  128  8:12  SCV  
  133  8:20  Refinery, Factory  
  133  8:21  Refinery, Factory  
  133  8:27  SCV, Medivac, Marauder, Marine  
  139  8:37  Marauder, Marine x4  
  141  8:48  Marine  
  141  8:49  Marauder  
  141  8:54  Siege Tank, Marine  
  141  8:55  Marine x2  
  149  9:14  Marine  
  149  9:29  Marine  
  149  9:30  Marauder, Marine  
  149  9:37  Factory Tech Lab x2  
  149  9:49  Terran Vehicle Weapons Level 1, Terran Infantry Weapons Level 2  
  149  9:50  Supply Depot x2  
  149  10:11  SCV, Medivac x2, Siege Tank x2, Marine x3, Marauder  
  149  10:12  SCV, Marauder, Marine x2  
  149  10:13  SCV  
  165  10:20  Siege Tank  
  161  10:23  SCV  
  162  10:29  Marine x3  
  165  10:41  Marine x3  
  165  10:42  Medivac, Marine  
  162  10:43  Siege Tank  
  162  10:46  Marine  
  162  10:47  Marine x2  
  162  10:52  Command Center  
  162  10:55  Siege Tank  
  165  11:07  Supply Depot  
  165  11:08  Marine x5  
  165  11:09  Marauder x2, Siege Tank  
  165  11:10  Supply Depot  
  177  11:15  Siege Tank  
  180  11:20  Barracks  
  180  11:22  Barracks  
  180  11:23  Barracks  
  180  11:26  Marine  
  180  11:28  Marine  
  180  11:29  Marauder, Marine x2  
  180  11:30  Marauder  
  180  11:32  Marauder  
  189  11:44  Marine  
  189  11:46  Marine x3  
Tags
 
Add a new tag
Caveats
  • Supply blocks, unpowered buildings, or Contaminate may cause inaccurate times.
  • Supply counts are checked every 10 seconds.